 Dungeon Crawl Stone Soup version 0.31-a0-145-g046c7d2549 (webtiles) character file.

Game seed: 8732205463823525702

3432 Zdeegee the Protected (level 10, -2/52 HPs)
             Began as a Meteoran Fighter on June 4, 2023.
             Was a Follower of Okawaru.
             Slain by an orc
             ... wielding a +0 short sword
              (3 damage)
             ... on level 7 of the Dungeon.
             The game lasted 00:22:55 (4486 turns).

Zdeegee the Protected (Meteoran Fighter)            Turns: 4486, Time: 00:22:56

Health: -2/52      AC: 18    Str: 22    XL:     10   Next: 49%
Magic:  15/15      EV: 11    Int: 10    God:    Okawaru [*.....]
Gold:   579        SH:  0    Dex: 14    Spells: 9/9 levels left

rFire   + . .        a - +3 mace (protect)
rCold   . . .        (no shield)
rNeg    . . .        D - +0 scale mail {rF+}
rPois   +            (no helmet)
rElec   .            (no cloak)
rCorr   .            (no gloves)
SInv    .            v - +2 pair of boots
Will    +....        w - amulet of regeneration Stlth
                     q - ring of poison resistance
HPRegen 1.08/turn    e - ring of flight
MPRegen 0.14/turn

%: no passive effects
@: under a protective aura, flying, glowing, studying Short Blades
A: sense surroundings 2, otherworldly, glowing, explore regen
a: Renounce Religion, Heroism


You were on level 7 of the Dungeon.
You worshipped Okawaru.
Okawaru was aware of your devotion.
You visited 2 branches of the dungeon, and saw 8 of its levels.
You also visited: Sewer and Ossuary.

You collected 579 gold pieces.

Inventory:

Hand Weapons
 a - a +3 mace of protection (weapon)
 b - a +0 orcbow of freezing
 d - a +1 heavy flail
 f - a +0 flail
Missiles
 t - 6 javelins (quivered)
Armour
 c - a +0 buckler
 v - a +2 pair of boots (worn)
 C - a +0 scale mail
 D - a +0 scale mail of fire resistance (worn)
Jewellery
 e - a ring of flight (right hand)
 q - a ring of poison resistance (left hand)
 u - an amulet of guardian spirit
 w - an amulet of regeneration (around neck)
 A - a ring of protection from cold
 E - a ring of protection from cold
 O - a ring of protection from cold
Wands
 x - a wand of iceblast (5)
Scrolls
 j - a scroll of fear {unknown}
 k - 3 scrolls of teleportation
 l - 3 scrolls of enchant weapon {unknown}
 m - a scroll of fog {unknown}
 n - a scroll of poison {unknown}
 p - 3 scrolls of enchant armour
 y - a scroll of noise {unknown}
 B - a scroll of vulnerability
 F - 2 scrolls of immolation {unknown}
 G - 2 scrolls of blinking
 H - 2 scrolls of magic mapping {unknown}
 I - a scroll of summoning {unknown}
 J - a scroll of brand weapon
Potions
 g - a potion of degeneration
 h - 8 potions of curing
 i - a potion of berserk rage
 o - 2 potions of resistance
 r - 8 potions of haste
 s - 3 potions of heal wounds
 z - 3 potions of lignification
 K - a potion of cancellation
 L - 2 potions of mutation
 M - 2 potions of brilliance
 N - a potion of attraction {unknown}
 P - 2 potions of enlightenment {unknown}


   Skills:
 * Level 7.0 Fighting
 + Level 7.8 Maces & Flails
 * Level 5.2 Ranged Weapons
 * Level 8.9 Armour
 + Level 4.0 Dodging
 * Level 6.7 Shields
 * Level 6.2 Invocations
 - Level 1.1 Evocations


You had 9 spell levels left.
You didn't know any spells.
Your spell library contained the following spells:

 Spells                   Type           Power      Damage    Failure   Level
 Blink                    Tloc           0%         N/A       78%         2
 Lesser Beckoning         Tloc           0%         N/A       78%         2
 Momentum Strike          Conj/Tloc      0%         3d8       78%         2
 Summon Small Mammal      Summ           Unusable   N/A       N/A         1
 Call Canine Familiar     Summ           Unusable   N/A       N/A         3
 Summon Guardian Golem    Hex/Summ       Unusable   N/A       N/A         3

Dungeon Overview and Level Annotations

Branches:
Dungeon (7/15) Zot: 762    Temple (1/1) D:6 Zot: 481   Sewer (visited)
Ossuary (visited)

Altars:
Ashenzari
Cheibriados
Dithmenos
Elyvilon
Fedhas
Gozag
Hepliaklqana
Kikubaaqudgha
Makhleb
Nemelex Xobeh
Okawaru
Qazlal
Ru
Sif Muna
Trog
Uskayaw
Vehumet
Wu Jian
Xom
Yredelemnul
Zin
The Shining One

Shops:
D:4 (::?


Innate Abilities, Weirdness & Mutations

You passively map the area around you.
You are easily found by Zot.
You glow in the dark.
You regain HP and MP as you explore.


Message History

The scorpion stings you. The orc hits you but does no damage. x2
The white imp hits you. The white imp freezes you.
The orc wizard hits you with a +0 dagger.
The scorpion stings you but does no damage.
You hit the orc wizard but do no damage.
The orc wizard is heavily wounded.
The orc barely misses you. The orc hits you but does no damage.
The scorpion stings you but does no damage.
The orc wizard gestures at you while chanting.
The puff of flame misses you.
The puff of flame hits the scorpion!
The white imp hits you but does no damage.
The orc hits you but does no damage. x2
You closely miss the orc wizard.
The orc wizard is heavily wounded.
The scorpion stings you.
* * * LOW HITPOINT WARNING * * *
The orc hits you but does no damage.
The white imp grinds its teeth.
The white imp hits you but does no damage.
The orc hits you with a +0 hand axe.
* * * LOW HITPOINT WARNING * * *
The orc wizard gestures wildly while chanting.
The orc wizard flickers and vanishes!
The orc hits you but does no damage. The orc barely misses you.
You barely miss something.
The scorpion stings you but does no damage.
The orc barely misses you. The orc hits you with a +0 whip.
* * * LOW HITPOINT WARNING * * *
The orc barely misses you. Something hits you but does no damage.
The white imp hits you but does no damage.
You barely miss something. The scorpion stings you.
* * * LOW HITPOINT WARNING * * *
The orc closely misses you. The orc hits you with a +0 whip.
* * * LOW HITPOINT WARNING * * *
Something hits you but does no damage. The white imp gestures at you.
The puff of frost hits you.
* * * LOW HITPOINT WARNING * * *
The orc hits you with a +0 short sword.
You die...

* , , #.........#, *
, #.........# , ,
#.........# , , ,*
#...<...#.., ,, ,
#.#######.#.........
*
#...........#####..#
..........#.######..,
, ,,
.........o{{....... ,
,
###..(...o5@o......,
* #......ooso......
,,,,
#........o(...... , ,
* #................ ,
, + *
#................, ,
* , ,
#................,, ,
* ............... *
............... * ,


You could see a scorpion, an orc priest, a white imp and 6 orcs.

Vanquished Creatures
  Grinder (D:6)
  A wyvern (D:7)
  Edmund (D:4)
  2 water moccasins (D:6)
  An orc warrior (D:5)
  2 ice beasts
  3 black bears
  3 centaurs
  3 ogres
  3 phantoms
  Blork the orc (D:4)
  3 bullfrogs
  3 wights (D:6)
  2 howler monkeys
  A crimson imp (D:6)
  2 bullfrog zombies (D:6)
  3 bullfrog skeletons (D:6)
  2 hounds
  A jelly (D:6)
  3 iguanas
  Jessica (D:2)
  5 orc wizards
  A killer bee zombie (D:6)
  8 mummies (Ossuary)
  13 adders
  13 river rats
  2 worms (D:2)
  3 dart slugs
  15 orcs
  4 endoplasms
  6 giant cockroaches
  2 gnoll zombies (Ossuary)
  9 hobgoblins
  7 jackals
  2 kobolds (D:2)
  8 quokkas
  18 ball pythons
  2 bats
  6 frilled lizards
  A hobgoblin zombie (Ossuary)
  2 kobold zombies
  4 orc zombies (Ossuary)
  35 rats
  A rat zombie (D:5)
209 creatures vanquished.

Notes
Turn   | Place    | Note
-------+----------+-------------------------------------------
     0 | D:1      | Zdeegee the Meteoran Fighter began the quest for the Orb.
     0 | D:1      | Reached XP level 1. HP: 19/19 MP: 2/2
   199 | D:1      | Reached XP level 2. HP: 23/26 MP: 3/3
   290 | D:1      | Reached XP level 3. HP: 26/31 MP: 4/4
   491 | D:1      | Glimpsed the power of Zot.
   541 | D:1      | Glimpsed the power of Zot.
   577 | D:2      | Reached skill level 4 in Armour
   581 | D:2      | Noticed Jessica
   588 | D:2      | Killed Jessica
   589 | D:2      | Reached skill level 1 in Ranged Weapons
   589 | D:2      | Reached skill level 1 in Invocations
   589 | D:2      | Reached skill level 1 in Evocations
   589 | D:2      | Reached XP level 4. HP: 13/39 MP: 5/5
   718 | D:2      | Found a faded altar of an unknown god.
   788 | D:2      | Reached XP level 5. HP: 30/46 MP: 6/6
  1068 | D:2      | Glimpsed the power of Zot.
  1653 | D:3      | Glimpsed the power of Zot.
  1685 | D:4      | Found a white marble altar of Elyvilon.
  1693 | D:4      | Found an ornate altar of the Wu Jian Council.
  1693 | D:4      | Found a sacrificial altar of Ru.
  1693 | D:4      | Found a glowing golden altar of the Shining One.
  1696 | D:4      | Found a bloodstained altar of Trog.
  1697 | D:4      | Found a radiant altar of Vehumet.
  1761 | D:4      | Noticed a centaur
  1761 | D:4      | Noticed a centaur
  1775 | D:4      | Killed a centaur
  1776 | D:4      | Reached skill level 5 in Armour
  1776 | D:4      | Reached XP level 6. HP: 9/52 MP: 8/8
  1788 | D:4      | Killed a centaur
  1789 | D:4      | Reached skill level 1 in Dodging
  1886 | D:4      | Noticed Blork the orc
  1888 | D:4      | Noticed Edmund
  1895 | D:4      | Killed Blork the orc
  1896 | D:4      | Reached XP level 7. HP: 43/59 MP: 9/9
  1900 | D:4      | HP: 1/59 [Edmund/+1 heavy flail (9)]
  1911 | D:4      | Killed Edmund
  1969 | D:4      | Found Akhokk's Book Shoppe.
  2016 | D:4      | Found Laxzuaps's Weapon Boutique.
  2089 | D:4      | Found a glowing drain.
  2105 | Sewer    | Entered a sewer
  2272 | Sewer    | Reached skill level 6 in Armour
  2360 | Sewer    | Reached XP level 8. HP: 67/67 MP: 11/11
  2429 | Sewer    | Reached skill level 5 in Shields
  2582 | D:4      | Reached skill level 5 in Fighting
  2583 | D:4      | HP: 2/68 [ogre/+0 giant club (12)]
  2620 | D:4      | Glimpsed the power of Zot.
  2643 | D:4      | Found Qasaavuz's Book Shoppe.
  2669 | D:4      | Glimpsed the power of Zot.
  2687 | D:5      | Entered Level 5 of the Dungeon
  2714 | D:5      | Reached skill level 5 in Maces & Flails
  2722 | D:5      | Reached skill level 7 in Armour
  2722 | D:5      | Gained mutation: You passively map the area around you.
                  | [Meteoran growth]
  2722 | D:5      | Reached XP level 9. HP: 54/74 MP: 13/13
  2737 | D:4      | Found Doocson's Magic Scroll Boutique.
  2996 | D:5      | Found a sand-covered staircase.
  3007 | Ossuary  | Entered an ossuary
  3457 | D:5      | Glimpsed the power of Zot.
  3492 | D:5      | Reached skill level 5 in Invocations
  3536 | D:6      | Found a burning altar of Makhleb.
  3536 | D:6      | Found a shimmering altar of Xom.
  3547 | D:6      | Reached skill level 8 in Armour
  3619 | D:6      | Found a staircase to the Ecumenical Temple.
  3653 | D:6      | Noticed Grinder
  3708 | D:6      | Killed Grinder
  3709 | D:6      | Reached XP level 10. HP: 64/84 MP: 15/15
  3713 | Temple   | Entered the Ecumenical Temple
  3801 | Temple   | Became a worshipper of Warmaster Okawaru
  4124 | D:6      | Reached skill level 5 in Ranged Weapons
  4156 | D:6      | Glimpsed the power of Zot.
  4203 | D:6      | Reached * piety under Okawaru
  4206 | D:6      | Glimpsed the power of Zot.
  4246 | D:6      | Glimpsed the power of Zot.
  4256 | D:6      | Touched by the power of Zot (MHP 84 -> 67)
  4353 | D:4      | Glimpsed the power of Zot.
  4400 | D:3      | Glimpsed the power of Zot.
  4439 | D:5      | Glimpsed the power of Zot.
  4448 | D:6      | Touched by the power of Zot (MHP 66 -> 52)
  4486 | D:7      | HP: 1/52 [white imp/puff of frost (2)]
  4486 | D:7      | Slain by an orc

Illustrated notes

Levels and vault maps discovered:
D:1:      dpeg_arrival_rhombus, layout_basic
D:2:      layout_rooms, basic_ecumenical_altar, minmay_crystal_room,
          chequers_serial_rivers_micro_b, uniq_jessica
D:3:      layout_basic
D:4:      layout_loops_cross, minitemple, gup_sewer_entry_bubbles, serial_shops,
          shop, shop_fountains, shop, nicolae_book_shop_shelving,
          minmay_manual_mares, uniq_blork_the_orc, uniq_edmund
D:5:      layout_cave_pools, enter_ossuary_3
D:6:      lemuel_ratsnest, layout_rooms,
          grunt_temple_overflow_champion_of_chaos,
          minmay_temple_entry_statues_fountains, serial_undead, serial_undead_a,
          serial_undead_e, serial_undead_b, serial_undead_d, uniq_grinder
D:7:      minmay_bubble_buster, layout_basic, enter_bailey_8
Temple:   compressed_dpeg_circular_temple

Skill      XL: |  1  2  3  4  5  6  7  8  9 10 |
---------------+-------------------------------+-----
Armour         | 4 5 6 7 8 |  8.9
Maces & Flails | 3 4 5 6 7 |  7.8
Ranged Weapons | 1 2 3 4 5 |  5.2
Invocations    | 1 2 3 4 5 6 |  6.2
Evocations     | 1 |  1.1
Shields        | 4 5 6 |  6.7
Fighting       | 4 5 6 7 |  7.0
Dodging        | 1 2 3 4 |  4.0

Action                     |  1- 3 |  4- 6 |  7- 9 | 10-12 || total
---------------------------+-------+-------+-------+-------++-------
  Melee: Flail             |    51 |   149 |   307 |       ||   507
         Mace              |       |       |   192 |   176 ||   368
         Punch             |       |       |     2 |     2 ||     4
   Fire: Orcbow            |       |       |    15 |    13 ||    28
  Evoke: Wand              |       |       |     3 |       ||     3
    Use: Potion            |       |     2 |     1 |       ||     3
         Scroll            |       |       |    14 |       ||    14
 Armour: Scale mail        |    36 |   132 |   461 |   156 ||   785
  Dodge: Dodged            |    20 |    81 |   369 |   109 ||   579
  Block: Buckler           |    13 |    66 |   184 |       ||   263

Table legend: (Time is in decaauts)
 A = Elapsed time spent in this place.
 B = Non-inter-level travel time spent in this place.
 C = Inter-level travel time spent in this place.
 D = Time resting spent in this place.
 E = Time spent auto-exploring this place.
 F = Levels seen in this place.
 G = Mean time per level.
                   A        B        C        D        E       F      G
               +--------+--------+--------+--------+--------+-----+--------+
         Total |   4678 |   4287 |    391 |      0 |    684 |  10 |  467.8 |
       Dungeon |   3837 |   3500 |    337 |      0 |    684 |   7 |  548.1 |
        Temple |    118 |     64 |     54 |      0 |      0 |   1 |  118.0 |
         Sewer |    458 |    458 |      0 |      0 |      0 |   1 |  458.0 |
       Ossuary |    263 |    263 |      0 |      0 |      0 |   1 |  263.0 |
               +--------+--------+--------+--------+--------+-----+--------+

Top non-repeatable levels by time:
     D:4: 755 daAuts
     D:6: 684 daAuts
     D:3: 671 daAuts
     D:2: 588 daAuts
     D:1: 555 daAuts
     D:5: 555 daAuts
   Sewer: 458 daAuts
 Ossuary: 263 daAuts
  Temple: 118 daAuts
     D:7: 27 daAuts
